 Dungeon Crawl Stone Soup version 0.28.0-53-g5a82cb258f (webtiles) character file.

Game seed: 11768211148994070462

180 olmar the Skirmisher (level 5, -8/47 HPs)
             Began as a Ghoul Fighter on Aug 21, 2022.
             Mangled by an ogre
             ... wielding a +0 giant spiked club
              (16 damage)
             ... on level 4 of the Dungeon.
             The game lasted 00:07:08 (3457 turns).

olmar the Skirmisher (Ghoul Fighter)                Turns: 3457, Time: 00:07:09

Health: -8/47      AC:  7    Str: 22    XL:     5   Next: 60%
Magic:  4/4        EV:  6    Int:  3    God:
Gold:   2016       SH:  4    Dex:  8    Spells: 4/4 levels left

rFire   + . .      SeeInvis .   a - +0 flail
rCold   + + .      Faith    .   c - +0 buckler
rNeg    + + +      Spirit   .   n - +0 plate armour
rPois   ∞          Reflect  .   (no helmet)
rElec   .          Harm     .   m - scarf {rC+ rF+}
rCorr   +          Rampage  .   (no gloves)
Will    .....                   (no boots)
Stlth   ..........              (no amulet)
HPRegen 0.00/turn               k - ring of resist corrosion
MPRegen 0.09/turn               (no ring)

@: mighty, brilliant, corroded, inhibited regen
A: claws 1, cold resistance 1, negative energy resistance 3, inhibited
regeneration, torment resistance 2
a: no special abilities


You were on level 4 of the Dungeon.
You visited 1 branch of the dungeon, and saw 4 of its levels.

You collected 2016 gold pieces.

Inventory:

Hand Weapons
 a - a +0 flail (weapon)
Armour
 b - a +0 scale mail
 c - a +0 buckler (worn)
 m - a scarf of resistance (worn)
 n - a +0 plate armour (worn)
Jewellery
 k - a ring of resist corrosion (left claw)
Scrolls
 o - a scroll of acquirement
 p - a scroll of blinking {unknown}
 q - 2 scrolls of brand weapon {unknown}
Potions
 e - a potion of curing
 g - a potion of flight {unknown}
 i - a potion of cancellation {unknown}
 j - 2 potions of haste {unknown}
 l - a potion of degeneration {unknown}


   Skills:
 + Level 4.3 Fighting
 + Level 3.1 Maces & Flails
 + Level 3.5 Armour
 - Level 0.2 Dodging
 + Level 3.4 Shields


You had 4 spell levels left.
You didn't know any spells.
Your spell library was empty.

Dungeon Overview and Level Annotations

Branches:
Dungeon (4/15)
 Temple: D:4-7

Altars:
Cheibriados
Kikubaaqudgha
Makhleb
Zin


Innate Abilities, Weirdness & Mutations

You thrive by killing the living.
You are immune to poison.
You have sharp fingernails.
Your flesh is cold resistant. (rC+)
You are immune to negative energy. (rN+++)
You do not regenerate when monsters are visible.
You are immune to unholy pain and torment.


Message History

You kill the hobgoblin!
No target in view!
The ogre shouts!
An ogre is nearby!
q - 2 scrolls labelled NOIXZOITUTYM (gained 1)
Found a book of Conjurations.
You see here a book of Conjurations.
Press: ? - help, v - describe, . - travel
Here: an ogre, wielding a +0 giant spiked club The floor.
As you read the scroll of teleportation, it crumbles to dust.
You feel strangely unstable.
The ogre hits you with a +0 giant spiked club!
A jelly comes into view.
The jelly quivers.
Your surroundings suddenly seem different.
(D) Dungeon
Where to? (Enter - D:3 @ (x,y), ? - help)
The ogre shouts!
Unknown command.
Okay, then.
You feel very mighty all of a sudden.
It was a potion of brilliance.
You feel clever all of a sudden. The ogre barely misses you.
You sock the ogre!
The ogre is heavily wounded.
The ogre barely misses you. The jelly hits you but does no damage.
You barely miss the ogre.
The ogre is heavily wounded.
The jelly jiggles.
The jelly hits you. The acid corrodes you!
You are splashed with acid.
You resist.
The ogre hits you with a +0 giant spiked club!!
* * * LOW HITPOINT WARNING * * *
You barely miss the ogre.
The ogre is heavily wounded.
The jelly hits you but does no damage.
The ogre hits you with a +0 giant spiked club!
You die...

#.# #......##....#.# #
#.# ##..##.##..#.#.# #
##O# #.............# #
#..# #####..####.### #
#.## #..# #.# # #.#
....# #.##### # #.#
####.# #.....# #### #.#
#J# #####.# #..[ ...
#@########.# #... .J. #
#.O........# #... ...
##. #.#######..# #...
..... ...##
#.#######..####...
.....##.##...........##.
#..........####..###.##.
#..#.............##...#.
#..........####.##......
#....##<##.# #.........


You could see an ogre and a jelly.

Vanquished Creatures
  A gnoll shaman (D:4)
  A killer bee zombie (D:3)
  3 gnolls (D:4)
  4 adders
  4 dart slugs
  6 ball pythons
  3 endoplasms
  2 giant cockroaches (D:3)
  6 goblins
  4 hobgoblins
  3 jackals (D:3)
  4 quokkas
  6 bats
  7 frilled lizards
  5 kobolds
  4 rats
63 creatures vanquished.

Vanquished Creatures (others)
  4 toadstools (D:3)
4 creatures vanquished.

Grand Total: 67 creatures vanquished

Notes
Turn   | Place    | Note
-------+----------+-------------------------------------------
     0 | D:1      | olmar the Ghoul Fighter began the quest for the Orb.
     0 | D:1      | Reached XP level 1. HP: 19/19 MP: 0/0
   110 | D:1      | Reached XP level 2. HP: 25/26 MP: 1/1
   802 | D:2      | Reached XP level 3. HP: 31/31 MP: 2/2
  1494 | D:3      | Reached XP level 4. HP: 37/40 MP: 3/3
  1838 | D:3      | Identified 3 scrolls of acquirement
  1838 | D:3      | Acquired 553 gold pieces
  1995 | D:3      | Found a burning altar of Makhleb.
  2124 | D:3      | Reached skill level 4 in Fighting
  2394 | D:3      | Found a snail-covered altar of Cheibriados.
  2549 | D:4      | Found an ancient bone altar of Kikubaaqudgha.
  2618 | D:4      | Noticed an ogre
  2637 | D:3      | Acquired 1282 gold pieces
  2866 | D:4      | Reached XP level 5. HP: 19/46 MP: 4/4
  3457 | D:4      | Mangled by an ogre

Illustrated notes

Levels and vault maps discovered:
D:1:      heliophobic_arrival_henge, layout_basic,
          chequers_serial_rivers_micro_a
D:2:      layout_basic
D:3:      layout_loops_corners, mainiacjoe_overflow_swirl,
          mainiacjoe_overflow_tiny_flanked, minmay_gold_behind_fungi
D:4:      layout_loops_ring, nicolae_kikubaaqudgha_miasma_corner, minivault_1

Skill      XL: |  1  2  3  4 |
---------------+-------------+-----
Shields        | 3 |  3.4
Maces & Flails | 2 3 |  3.1
Armour         | 3 |  3.5
Fighting       | 4 |  4.3
Dodging        | |  0.2

Action                   |  1- 3 |  4- 6 || total
-------------------------+-------+-------++-------
Melee: Flail             |   135 |   121 ||   256
  Use: Scroll            |       |     5 ||     5
       Potion            |       |     4 ||     4
Armor: Scale mail        |    82 |     4 ||    86
       Plate armour      |       |    70 ||    70
Dodge: Dodged            |    57 |    34 ||    91
Block: Buckler           |    28 |    19 ||    47
